AoeStats
← krinoxx

Black Forest

510370562Analyzed
4v4 RM · 3d ago on Sep 30, 2026· 38m 6s· 8 players
Game mode
Random Map
Map size
Large (8 player)
Population
200
Speed
Normal
Resources
Standard
Victory
Conquest
Starting age
Dark Age
Ending age
Imperial Age
RankedLock teamsTeams togetherTeam positionsShared explorationLock speedFull tech treeHidden civsTurbo modeCheats
Victory
Defeat
🇪🇬 Goths · Egypt
929
+14
🇸🇦 Magyars · Saudi Arabia
916
+14
🇫🇷 Franks · France
857
+17
🇵🇱 Goths · Poland
806
+19
🇹🇷 Saracens · Türkiye
946
-19
🇦🇷 Byzantines · Argentina
896
-17
🇨🇳 Turks · China
884
-16
🇸🇪 Britons · Sweden
767
-12
CrazyWolf
8:35 Loom
12:37 Feudal Age
13:06 Horse Collar
13:14 Double-Bit Axe
21:46 Gold Mining
24:31 Castle Age
24:19 Wheelbarrow
23:29 Town Watch
25:40 Heavy Plow
25:51 Bow Saw
26:42 Stone Mining
31:51 Treadmill Crane
32:10 Murder Holes
37:11 Imperial Age
35:00 Hand Cart
34:56 Corvinian Army
35:05 Scale Barding Armor
34:53 Fletching
35:31 Ballistics
36:33 Chain Barding Armor
38:27 Plate Barding Armor
38:52 Conscription
Only win
0:36 Loom
11:07 Feudal Age
15:05 Castle Age
13:09 Double-Bit Axe
15:04 Man-at-Arms
16:08 Squires
16:54 Long Swordsman
18:48 Gold Mining
19:45 Scale Mail Armor
25:07 Wheelbarrow
25:46 Town Watch
26:46 Forging
30:16 Horse Collar
30:57 Chain Mail Armor
31:05 Bow Saw
32:44 Iron Casting
33:21 Heavy Plow
34:02 Anarchy
34:29 Stone Mining
36:24 Hand Cart
37:06 Town Patrol
40:05 Imperial Age
39:01 Stone Shaft Mining
Donald
0:27 Loom
12:43 Feudal Age
17:20 Castle Age
15:17 Double-Bit Axe
19:05 Fletching
19:49 Bodkin Arrow
28:47 Bow Saw
34:51 Imperial Age
37:47 Chemistry
krinoxx
10:43 Feudal Age
17:46 Castle Age
16:19 Double-Bit Axe
16:17 Horse Collar
24:55 Loom
25:47 Wheelbarrow
24:58 Town Watch
27:08 Heavy Plow
27:20 Squires
26:42 Man-at-Arms
26:44 Pikeman
29:06 Hand Cart
29:25 Bow Saw
29:09 Long Swordsman
33:11 Imperial Age
31:14 Caravan
33:14 Two-Handed Swordsman
34:12 Champion
35:25 Anarchy
Nasa
0:37 Loom
14:41 Feudal Age
fbaha
0:38 Loom
13:46 Feudal Age
14:15 Double-Bit Axe
14:12 Horse Collar
16:09 Gold Mining
16:09 Stone Mining
16:33 Stone Mining
18:02 Wheelbarrow
22:56 Castle Age
23:51 Heavy Plow
24:02 Bow Saw
25:26 Fervor
28:01 Hand Cart
28:26 Ballistics
30:24 Murder Holes
32:50 Fortified Wall
34:46 Scale Barding Armor
34:41 Scale Mail Armor
34:51 Forging
38:02 Imperial Age
36:38 Husbandry
38:24 Gold Shaft Mining
69279406
15:04 Feudal Age
18:37 Bloodlines
22:45 Castle Age
21:42 Scale Mail Armor
22:10 Padded Archer Armor
22:37 Loom
tonje.ms
13:59 Feudal Age
15:01 Double-Bit Axe
17:42 Wheelbarrow
16:53 Loom
24:00 Castle Age
25:50 Scale Mail Armor
25:52 Padded Archer Armor
31:16 Hand Cart
32:49 Bow Saw
Connection lost

Rejoining the realm…

Still unreachable

The connection could not be restored.

Session expired

The server has moved on; the page needs a fresh start.